 Dungeon Crawl Stone Soup version 0.22-a0-322-g60b3cfd (webtiles) character file.

149 grindst0ne the Sneak (level 5, -2/34 HPs)
             Began as an Octopode Assassin on Apr 4, 2018.
             Killed from afar by an orc wizard (11 damage)
             ... with a puff of flame
             ... on level 3 of the Dungeon.
             The game lasted 00:03:31 (2110 turns).

grindst0ne the Sneak (Octopode Assassin)            Turns: 2110, Time: 00:03:32

Health: -2/34      AC:  1    Str: 12    XL:     5   Next: 31%
Magic:  5/5        EV: 14    Int: 13    God:
Gold:   114        SH:  0    Dex: 13    Spells: 4/4 levels left

rFire    . . .     SeeInvis .   o - +0 dagger (speed)
rCold    . . .     Gourm    .   (no shield)
rNeg     . . .     Faith    .   (helmet restricted)
rPois    .         Spirit   .   (no amulet)
rElec    .         Reflect  .   (no ring)
rCorr    .         Harm     .   (no ring)
MR       .....                  (no ring)
Stlth    ++++......             (no ring)
HPRegen  0.11/turn              (no ring)
MPRegen  0.09/turn              (no ring)
                                (no ring)
                                (no ring)

@: lethally poisoned (-2 -> -12)
A: almost no armour, stealthy swim, amphibious, 8 rings, constrict 8, camouflage
1, gelatinous body 1
a: no special abilities


You were on level 3 of the Dungeon.
You were not hungry.

You visited 1 branch of the dungeon, and saw 3 of its levels.

You collected 114 gold pieces.

Inventory:

Hand Weapons
 a - a +2 dagger
 b - a +0 blowgun
 o - a +0 dagger of speed (weapon)
Missiles
 c - 11 poisoned needles
 d - 10 curare-tipped needles
Jewellery
 k - an uncursed ring of flight {unknown}
Scrolls
 e - 4 scrolls of teleportation {unknown}
 g - 5 scrolls of identify {unknown}
 h - a scroll of enchant weapon {unknown}
 i - 2 scrolls of blinking {unknown}
 j - a scroll of magic mapping {unknown}
 m - 2 scrolls of fear {unknown}
 p - a scroll of noise {unknown}
Potions
 l - a potion of mutation {unknown}
Comestibles
 f - 4 rations
 n - a chunk of flesh


   Skills:
 - Level 2.0 Fighting
 - Level 2.0 Short Blades
 + Level 3.4 Throwing
 + Level 2.8 Dodging
 + Level 6.7 Stealth


You had 4 spell levels left.
You didn't know any spells.

Dungeon Overview and Level Annotations

Branches:
Dungeon (3/15)

Altars:
Trog


Innate Abilities, Weirdness & Mutations

You cannot wear most types of armour.
You are very stealthy in the water. (Stealth+)
You are amphibious.
You can wear up to eight rings at the same time.
You can use your tentacles to constrict eight enemies at once.
Your skin changes colour to match your surroundings (Stealth+).
Your rubbery body absorbs attacks. (AC +1, EV +1)


Message History

You feel sick. The orc barely misses you.
You hit the orc.
You kill the orc!
You completely miss the orc wizard. Your grab misses the orc wizard.
The orc wizard is heavily wounded.
* * * LOW HITPOINT WARNING * * *
You feel sick.
You closely miss the orc wizard. Your grab misses the orc wizard.
Your squeeze misses the orc wizard.
The orc wizard is heavily wounded.
The orc wizard gestures wildly while chanting.
The orc wizard flickers and vanishes!
Deactivating autopickup; reactivate with Ctrl-A.
You closely miss something. You squeeze something.
* * * LOW HITPOINT WARNING * * *
You feel sick.
You hear some strange, mumbled words.
A puff of flame appears from out of thin air!
The puff of flame hits you!
You die...

. ... .......#.<. .
...#..#... ..
........# #.
#.#.###.### #.
#.#......<# #### ..
.......#.#.....
#.###.##...).......
#..@{..).....#..#..
#####.###..........
#......#......#
####...........
#.....(.....
#...#......#
#..........
##....#..#


There were no monsters in sight!

Vanquished Creatures
  An orc priest (D:3)
  Terence (D:2)
  Robin (D:2)
  2 adders (D:2)
  4 worms (D:2)
  2 dart slugs (D:1)
  A leopard gecko (D:2)
  2 orcs (D:3)
  7 bats
  11 goblins
  4 hobgoblins
  4 kobolds
  A quokka (D:2)
  2 ball pythons (D:2)
  2 frilled lizards (D:2)
  6 rats
51 creatures vanquished.

Notes
Turn   | Place    | Note
-------+----------+-------------------------------------------
     0 | D:1      | grindst0ne the Octopode Assassin began the quest for the Orb.
     0 | D:1      | Reached XP level 1. HP: 14/14 MP: 1/1
   231 | D:1      | Reached XP level 2. HP: 19/19 MP: 2/2
   551 | D:2      | Reached XP level 3. HP: 9/24 MP: 3/3
   811 | D:2      | Found a bloodstained altar of Trog.
  1004 | D:2      | Reached skill level 6 in Stealth
  1129 | D:2      | Noticed Robin
  1152 | D:2      | Killed Robin
  1152 | D:2      | Reached XP level 4. HP: 3/29 MP: 4/4
  1532 | D:2      | Noticed Terence
  1564 | D:2      | Killed Terence
  2024 | D:2      | Reached XP level 5. HP: 34/34 MP: 5/5
  2110 | D:3      | Killed from afar by an orc wizard

Vault maps used:
D:1:      dpeg_arrival_yet_another_circle
D:2:      first_ration, eino_tiny_chamber, trog_three_pillars_becter,
          uniq_terence, uniq_robin
D:3:      grunt_temple_overflow_growth_and_decay, old_standard_altar,
          nicolae_overflow_crystal_walls,
          chequers_ecumenical_altar_simple_redux, minmay_misc_feat_plants

Skill      XL: |  1  2  3  4 |
---------------+-------------+-----
Dodging        | 2 |  2.8
Stealth        | 6 |  6.7
Throwing       | 3 |  3.4
Fighting       | |  2.0
Short Blades   | |  2.0

Action                   |  1- 3 |  4- 6 || total
-------------------------+-------+-------++-------
Melee: Dagger            |    48 |    57 ||   105
       Constrict         |    10 |    14 ||    24
       Tentacles         |     6 |     9 ||    15
 Fire: Blowgun           |     2 |    11 ||    13
  Use: Potion            |     1 |       ||     1
 Stab: Sleeping          |    10 |     5 ||    15
       Distracted        |       |     1 ||     1
  Eat: Chunk             |     1 |     3 ||     4
Dodge: Dodged            |    26 |    35 ||    61

Table legend:
 A = Spawn XP
 B = Non-spawn XP
 C = Spawn XP percentage of total XP
 D = Spawn monster count
 E = Non-spawn monster count
 F = Spawn count percentage of total count
 G = Total turns spent on level
                    A         B        C        D         E        F      G
               +---------+---------+-------+---------+---------+-------+---------
         Total |       0 |     213 |   0.0 |       0 |      51 |   0.0 |  2110
               +---------+---------+-------+---------+---------+-------+---------
           D:1 |       0 |      24 |   0.0 |       0 |      11 |   0.0 |   522
           D:2 |       0 |     142 |   0.0 |       0 |      37 |   0.0 |  1562
           D:3 |       0 |      47 |   0.0 |       0 |       3 |   0.0 |    26
               +---------+---------+-------+---------+---------+-------+---------
